 Dungeon Crawl Stone Soup version 0.26-a0-651-gb41185065b (webtiles) character file.

Game seed: 11634878997089694349

(classic levelgen) 13845 EnegeticOcto the Cleaver (level 11, 66/103 HPs)
             Began as a Deep Dwarf Fighter on Oct 30, 2020.
             Was a High Priest of Makhleb.
             Quit the game on level 2 of the Orcish Mines.
             The game lasted 00:05:37 (6602 turns).

EnegeticOcto the Cleaver (Deep Dwarf Fighter)       Turns: 6602, Time: 00:05:38

Health: 66/103     AC: 20    Str: 22    XL:     11   Next: 80%
Magic:  0/0        EV:  6    Int: 10    God:    Makhleb [*****.]
Gold:   859        SH: 12    Dex: 12    Spells: 10/10 levels left

rFire    . . .     SeeInvis .   a - +3 war axe (freeze)
rCold    . . .     Faith    .   c - +0 kite shield
rNeg     . . .     Spirit   .   u - +0 plate armour
rPois    .         Reflect  .   x - +0 helmet
rElec    .         Harm     .   o - +0 cloak
rCorr    .         Rampage  .   n - +2 pair of gloves
MR       +....                  (no boots)
Stlth    ..........             (no amulet)
HPRegen  0.00/turn              (no ring)
MPRegen  0.07/turn              (no ring)

@: marked, non-regenerating
A: damage resistance, heal wounds, sense surroundings 2, no regeneration
a: Heal Wounds, Minor Destruction, Lesser Servant of Makhleb, Major Destruction,
Greater Servant of Makhleb, Renounce Religion


You were on level 2 of the Orcish Mines.
You worshipped Makhleb.
Makhleb was extremely pleased with you.
You visited 2 branches of the dungeon, and saw 13 of its levels.

You collected 859 gold pieces.

Inventory:

Hand Weapons
 a - a +3 war axe of freezing (weapon)
Missiles
 y - 2 throwing nets (quivered)
Armour
 c - a +0 kite shield (worn)
 n - a +2 pair of gloves (worn)
 o - a +0 cloak (worn)
 u - a +0 plate armour (worn)
 x - a +0 helmet (worn)
Wands
 b - a wand of enslavement (11)
 g - a wand of disintegration (10)
 p - a wand of acid (12) {@v1}
 q - a wand of digging (5) {@v3}
Scrolls
 e - 7 scrolls of remove curse {@r2}
 f - 6 scrolls of identify {@r1}
 h - 2 scrolls of fog
 i - 2 scrolls of vulnerability
 j - a scroll of immolation {@r4}
 k - a scroll of blinking
 s - a scroll of teleportation {@r3}
 t - a scroll of fear
Potions
 d - 3 potions of might {@q3}
 l - 4 potions of heal wounds {@q2}
 m - 2 potions of flight
 r - a potion of ambrosia
 v - a potion of haste {unknown}
 w - 2 potions of curing {@q1}
 z - a potion of magic {unknown}


   Skills:
 + Level 8.0 Fighting
 * Level 12.3 Axes
 + Level 9.4 Armour
 + Level 9.4 Shields
 + Level 9.2 Invocations


You had 10 spell levels left.
You didn't know any spells.
Your spell library was empty.

Dungeon Overview and Level Annotations

Branches:
Dungeon (11/15)            Temple (0/1) D:5            Lair (0/6) D:10
    Orc (2/2) D:9             Elf (0/3) Orc:2

Altars:
Ashenzari
Cheibriados
Elyvilon
Makhleb
Nemelex Xobeh
Okawaru
Ru
Trog
Beogh

Shops:
D:6 *   D:8 *   D:10 =   D:11 ?}*=   Orc:2 [([

Annotations:
D:7 Prince Ribbit
Orc:2 Saint Roka


Innate Abilities, Weirdness & Mutations

You are resistant to damage.
You can heal yourself by infusing magical energy.
You passively map the area around you.
You do not regenerate.


Message History

You closely miss the hellwing.
The hellwing is severely wounded.
Your ynoxinul hits the hellwing.
Your blizzard demon hits the sun demon!
Your blizzard demon hits the sun demon.
Saint Roka roars a battlecry!
The orcs go into a battle-frenzy!
You closely miss the hellwing.
The hellwing is severely wounded.
You barely miss the sun demon. You block the sun demon's attack.
You block the hellwing's attack.
The hellwing hits you but does no damage.
The orc high priest utters an invocation to Beogh.
Send 'em back where they came from!
Your ynoxinul shudders.
Your blizzard demon disappears in a puff of smoke!
Your ynoxinul hits the hellwing!
Saint Roka roars a battlecry!
The orcs go into a battle-frenzy!
You block the sun demon's attack.
You hit the hellwing. You freeze the hellwing.
The hellwing is almost dead.
You hit the sun demon. You freeze the sun demon.
You block the hellwing's attack.
The hellwing hits you but does no damage.
Your ynoxinul gestures.
The red devil hits you but does no damage.
The sun demon hits you.
You are engulfed in flames!
* * * LOW HITPOINT WARNING * * *
An orc sorcerer comes into view. It is wielding a +0 dagger.
You are too injured to fight recklessly!
You are too injured to fight recklessly!
You are too injured to fight recklessly!
You are too injured to fight recklessly!
You are too injured to fight recklessly!
You are too injured to fight recklessly!
You are too injured to fight recklessly!
You feel much better.
The orc high priest calls down the wrath of Beogh upon you.
Beogh smites you!
* * * LOW HITPOINT WARNING * * *
The hellwing hits you but does no damage.
You block the hellwing's attack.
Your ynoxinul hits the hellwing.
The hellwing dies!
The sun demon hits you but does no damage.
The red devil hits you but does no damage.
The orc high priest hits you but does no damage.
Saint Roka calls down the wrath of Beogh upon you.
Beogh smites you!
* * * LOW HITPOINT WARNING * * *
You feel much better.
Your ufetubus hits the orc high priest but does no damage.
Your ufetubus hits the orc high priest.
The orc high priest hits you but does no damage.
The orc warrior barely misses your ufetubus.
Your ynoxinul hits the sun demon but does no damage.
You block the sun demon's attack.
A troll comes into view.
You block the red devil's attack.
The orc high priest completely misses you.
Your ufetubus hits the orc high priest.
Your ufetubus misses the orc high priest.
You feel much better.
Your ufetubus misses the sun demon.
Your ufetubus closely misses the sun demon.
You block the sun demon's attack.
The orc high priest hits your ufetubus with a +0 mace!
Your ufetubus dies!
Your ynoxinul misses the sun demon.
The orc warrior barely misses your ufetubus.
Your ufetubus hits the sun demon but does no damage. x2
Your ufetubus hits the orc high priest.
Your ufetubus closely misses the orc high priest.
Saint Roka calls down the wrath of Beogh upon you.
Beogh smites you! You block the red devil's attack.
You slash the sun demon! You freeze the sun demon.
The sun demon is severely wounded.
You slash the orc high priest! You freeze the orc high priest.
The sun demon hits you!
You are engulfed in flames!
The orc high priest hits you from afar with a +0 halberd.
Your ufetubus hits the sun demon but does no damage.
Your ufetubus closely misses the sun demon.
Your ynoxinul hits the sun demon! Your ufetubus hits the orc high priest.
Your ufetubus closely misses the orc high priest.
The orc warrior closely misses your ufetubus.
The orc high priest starts to sing a prayer.
The orc high priest completely misses your ufetubus.
You are too injured to fight recklessly!
Your magical essence is drained by the effort!
You feel much better.
Your ufetubus hits the sun demon but does no damage.
Your ufetubus closely misses the sun demon.
The sun demon hits your ufetubus.
Your ufetubus is engulfed in flames!!
Your ufetubus is burned terribly!
Your ufetubus dies!
Your ufetubus barely misses the orc high priest.
Your ufetubus hits the orc high priest. The red devil barely misses you.
The orc sorcerer mumbles some strange words.
You block the orc high priest's attack.
Your ynoxinul hits the sun demon but does no damage.
You don't have enough innate magic capacity.
Are you sure you want to abandon this character and quit the game? (Confirm with "yes".)

###############......########
###............##...#..........
##...##########..##.3..#########
##..### , , *##.##....##.._..##
#..## , , #...oT..#.......# #..#
, #. ####......#.)))...# #.##
**'###o##8.#......###)#...# #.#
....o)oo3†.8....#...#)..# #.#_ ,
..8oooo3@)).....#.8.#8.8# #.#,
....o)4.o'^8....#)).#.∩.# #.##
o###o##85#......##'###### #..# *
, #.. ####............... #..##*
, #. * #................ ##..###
# , ##............##..
##...##########..#..............
###............####..#..#......
############## #########.#..


You could see Saint Roka, 2 orc high priests, a sun demon (summoned), a troll, a
neqoxec (summoned), 2 orc sorcerers, a red devil (summoned), an orc warrior
(strong), an orc wizard (strong), 5 orcs, a friendly ynoxinul (summoned) and a
friendly ufetubus (summoned).

Vanquished Creatures
  A two-headed ogre (D:8)
  An orc high priest (Orc:2)
  An unseen horror (D:11)
  An orc sorcerer (Orc:1)
  A manticore (D:11)
  4 molten gargoyles (D:10)
  2 centaur skeletons (D:10)
  A centaur zombie (D:11)
  Maggie (D:7)
  2 trolls
  A hippogriff (D:9)
  6 yaks (D:10)
  2 wargs
  3 porcupines (D:10)
  4 sky beasts
  9 ice beasts
  2 phantoms
  10 orc warriors
  8 ogres
  A necrophage (D:6)
  3 centaurs
  2 crocodiles (D:10)
  3 big kobolds (D:10)
  4 bullfrogs
  3 scorpions
  A wyvern skeleton (D:8)
  A water moccasin skeleton (D:10)
  6 wights
  5 howler monkeys
  A bullfrog zombie (D:9)
  4 hounds
  11 orc priests
  6 jellies
  A gnoll shaman (D:10)
  A bullfrog skeleton (D:4)
  Crazy Yiuf (D:7)
  6 iguanas
  19 orc wizards
  5 worker ants
  A hound zombie (D:4)
  3 hound skeletons
  A howler monkey skeleton (D:6)
  2 worker ant zombies (D:7)
  6 gnolls
  9 adders
  3 white imps
  4 ufetubi
  An ooze (D:7)
  4 adder skeletons
  An adder zombie (D:6)
  A worm (D:2)
  3 leopard geckos
  61 orcs
  A giant cockroach (D:7)
  5 goblins
  4 hobgoblins
  16 kobolds
  4 quokkas
  2 bats
  3 frilled lizards (D:2)
  2 quokka skeletons
  4 rats
285 creatures vanquished.

Vanquished Creatures (collateral kills)
  Harold (Orc:1)
  A warg (Orc:1)
  6 orc warriors
  4 orcs (Orc:2)
12 creatures vanquished.

Vanquished Creatures (others)
  A wizard (D:11)
  A bush (D:10)
  5 fungi (D:10)
  16 plants (D:10)
23 creatures vanquished.

Grand Total: 320 creatures vanquished

Notes
Turn   | Place    | Note
-------+----------+-------------------------------------------
     0 | D:1      | EnegeticOcto the Deep Dwarf Fighter began the quest for the
                  | Orb.
     0 | D:1      | Reached XP level 1. HP: 20/20 MP: 1/1
   123 | D:2      | Reached XP level 2. HP: 20/27 MP: 2/2
   213 | D:2      | Found a sparkling altar of Nemelex Xobeh.
   230 | D:2      | Reached skill level 3 in Axes
   230 | D:2      | Reached XP level 3. HP: 27/33 MP: 3/3
   353 | D:4      | Reached XP level 4. HP: 42/42 MP: 3/3
   367 | D:4      | Reached skill level 4 in Axes
   367 | D:4      | Reached XP level 5. HP: 40/49 MP: 4/4
   393 | D:4      | Noticed a phantom
   428 | D:4      | Killed a phantom
   639 | D:4      | Reached XP level 6. HP: 26/57 MP: 4/4
   684 | D:4      | Reached skill level 5 in Axes
   938 | D:4      | Reached XP level 7. HP: 51/64 MP: 5/5
   947 | D:4      | Reached skill level 5 in Armour
   947 | D:4      | Reached skill level 5 in Shields
  1152 | D:5      | Entered Level 5 of the Dungeon
  1205 | D:5      | Reached skill level 6 in Axes
  1207 | D:5      | Found a burning altar of Makhleb.
  1214 | D:5      | Became a worshipper of Makhleb the Destroyer
  1453 | D:5      | Found a staircase to the Ecumenical Temple.
  1697 | D:6      | Found a sacrificial altar of Ru.
  1712 | D:6      | Reached skill level 1 in Invocations
  1874 | D:6      | Found Terin's Serpentskin Sales.
  1929 | D:6      | Reached XP level 8. HP: 71/73 MP: 5/5
  2313 | D:6      | Reached skill level 7 in Axes
  2465 | D:7      | Reached * piety under Makhleb
  2497 | D:7      | Reached skill level 5 in Fighting
  2549 | D:7      | Noticed Maggie
  2565 | D:7      | Killed Maggie
  2565 | D:7      | Reached skill level 8 in Axes
  2590 | D:7      | Gained mutation: You passively map the area around you.
                  | [Deep Dwarf growth]
  2590 | D:7      | Reached XP level 9. HP: 64/81 MP: 7/7
  2603 | D:7      | Found a white marble altar of Elyvilon.
  2719 | D:7      | Noticed Prince Ribbit
  2791 | D:7      | Found a snail-covered altar of Cheibriados.
  2868 | D:7      | Found a runed translucent door.
  2869 | D:7      | Noticed Crazy Yiuf
  2883 | D:7      | Killed Crazy Yiuf
  2941 | D:8      | Found Ceyrienu's General Store.
  2985 | D:8      | Found a broken altar of Ashenzari.
  3127 | D:8      | Noticed a two-headed ogre
  3141 | D:8      | Killed a two-headed ogre
  3141 | D:8      | Reached skill level 9 in Axes
  3141 | D:8      | Reached skill level 5 in Invocations
  3164 | D:8      | Reached ** piety under Makhleb
  3597 | D:9      | Found a staircase to the Orcish Mines.
  3711 | D:9      | Reached XP level 10. HP: 66/91 MP: 5/5
  4094 | D:9      | Found an iron altar of Okawaru.
  4169 | D:10     | Entered Level 10 of the Dungeon
  4212 | D:10     | Found Okouril's Jewellery Shop.
  4325 | D:10     | Reached skill level 10 in Axes
  4350 | D:10     | Reached *** piety under Makhleb
  4391 | D:10     | Found a staircase to the Lair.
  4494 | D:10     | Noticed a molten gargoyle
  4507 | D:10     | Killed a molten gargoyle
  4509 | D:10     | Noticed a molten gargoyle
  4526 | D:10     | Killed a molten gargoyle
  4533 | D:10     | Noticed a molten gargoyle
  4534 | D:10     | Noticed a molten gargoyle
  4550 | D:10     | Killed a molten gargoyle
  4553 | D:10     | Killed a molten gargoyle
  4553 | D:10     | Reached skill level 11 in Axes
  4731 | D:10     | Reached **** piety under Makhleb
  4736 | D:10     | Reached XP level 11. HP: 95/100 MP: 4/4
  5082 | D:11     | Found Ofiwnu Vyurgh's Magic Scroll Shop.
  5089 | D:11     | Found Hidif's Gadget Shop.
  5089 | D:11     | Found Fifrit's Jewellery Shop.
  5090 | D:11     | Found Ritueck's General Store.
  5189 | D:11     | Found a frozen archway.
  5242 | D:11     | Reached ***** piety under Makhleb
  5349 | D:11     | Found a bloodstained altar of Trog.
  5350 | D:11     | Noticed a wizard
  5355 | D:11     | Killed a wizard
  5479 | D:11     | Killed an unseen horror
  5847 | Orc:1    | Entered Level 1 of the Orcish Mines
  5847 | Orc:1    | Noticed an orc sorcerer
  5860 | Orc:1    | Killed an orc sorcerer
  5961 | Orc:1    | Noticed Harold
  5971 | Orc:1    | Killed Harold
  6043 | Orc:2    | Entered Level 2 of the Orcish Mines
  6090 | Orc:2    | Found Nuefoh's Armour Boutique.
  6121 | Orc:2    | Found a roughly hewn altar of Beogh.
  6122 | Orc:2    | Found Ujue's Antique Weapon Emporium.
  6170 | Orc:2    | Found a staircase to the Elven Halls.
  6180 | Orc:2    | Reached skill level 12 in Axes
  6254 | Orc:2    | Found a roughly hewn altar of Beogh.
  6295 | Orc:2    | Found a roughly hewn altar of Beogh.
  6466 | Orc:2    | Found a roughly hewn altar of Beogh.
  6480 | Orc:2    | Found Plog's Antique Armour Shop.
  6569 | Orc:2    | Noticed an orc high priest
  6573 | Orc:2    | Noticed Saint Roka
  6574 | Orc:2    | Noticed an orc high priest
  6576 | Orc:2    | Noticed a sun demon
  6577 | Orc:2    | Noticed an orc sorcerer
  6578 | Orc:2    | Noticed an orc high priest
  6581 | Orc:2    | Killed an orc high priest
  6584 | Orc:2    | HP: 2/103 [orc warrior/+0 trident (19)]
  6585 | Orc:2    | Noticed a sun demon
  6596 | Orc:2    | Noticed an orc sorcerer
  6602 | Orc:2    | Quit the game

Illustrated notes

Levels and vault maps discovered:
D:1:      ebering_trefoil_twist, layout_basic, chequers_serial_rivers_small_a,
          chequers_serial_rivers_small_a
D:2:      layout_rooms, nemelex_xobeh_ov_fountains_minmay
D:3:      layout_loops_ring, xom_redecorated, gammafunk_ghost_split
D:4:      layout_cave_pods
D:5:      layout_rooms, bloody_makhleb, temple_green
D:6:      layout_basic, hangedman_ru_absence, st_stairs_11, guppyfry_shop_venom
D:7:      layout_rooms, kennysheep_mini, cheibriados_altar_1, uniq_maggie,
          uniq_crazy_yiuf_cottage, uniq_prince_ribbit1
D:8:      layout_rooms, cheibrodos_ashenzari_chains, serial_shops,
          shop_fountains
D:9:      layout_loops_ring, okawaru_altar_gauntlet_db, david_orc_3,
          kennysheep_generic_room_13
D:10:     layout_irregular_city, minmay_lair_entry_grove, serial_shops,
          nicolae_shop_waterfront, minivault_8
D:11:     layout_irregular_city, portal_ice_cave_entry_ice_beasts,
          minmay_shop_grid_forest, trog_wizard
Orc:1:    layout_diamond_mine, uniq_harold, uniq_erolcha
Orc:2:    grunt_orc_community_town_hall, layout_diamond_mine,
          grunt_orc_community_big_house_2, grunt_orc_community_big_house_1,
          grunt_orc_community_house_2, grunt_orc_community_house_2,
          grunt_orc_community_house_2, grunt_orc_community_house_2,
          grunt_orc_community_house_1, grunt_orc_community_house_3,
          serial_shops, shop

Skill      XL: |  1  2  3  4  5  6  7  8  9 10 11 |
---------------+----------------------------------+-----
Axes           | 3 4 5 6 8 9 11 12 | 12.3
Fighting       | 3 4 5 6 7 8 |  8.0
Armour         | 4 5 6 7 8 9 |  9.4
Shields        | 4 5 6 7 8 9 |  9.4
Invocations    | 2 4 6 7 9 |  9.2

Action                   |  1- 3 |  4- 6 |  7- 9 | 10-12 || total
-------------------------+-------+-------+-------+-------++-------
Melee: War axe           |    90 |    79 |   365 |   429 ||   963
Invok: Lesser Servant of |       |       |       |     3 ||     3
       Greater Servant o |       |       |       |     1 ||     1
 Abil: Heal Wounds       |     2 |     5 |    19 |    25 ||    51
  Use: Scroll            |       |       |    18 |     6 ||    24
Armor: Scale mail        |    53 |    17 |       |       ||    70
       Chain mail        |       |    23 |    14 |       ||    37
       Plate armour      |       |       |   246 |   266 ||   512
Dodge: Dodged            |    34 |    16 |    71 |    71 ||   192
Block: Kite shield       |    56 |    47 |   226 |   250 ||   579

Table legend: (Time is in decaauts)
 A = Elapsed time spent in this place.
 B = Non-inter-level travel time spent in this place.
 C = Inter-level travel time spent in this place.
 D = Time resting spent in this place.
 E = Time spent auto-exploring this place.
 F = Levels seen in this place.
 G = Mean time per level.
                   A        B        C        D        E       F      G
               +--------+--------+--------+--------+--------+-----+--------+
         Total |   6732 |   6396 |    336 |      3 |   4451 |  13 |  517.8 |
       Dungeon |   5984 |   5655 |    329 |      3 |   3965 |  11 |  544.0 |
  Orcish Mines |    748 |    741 |      7 |      0 |    486 |   2 |  374.0 |
               +--------+--------+--------+--------+--------+-----+--------+

Top non-repeatable levels by time:
    D:10: 857 daAuts
     D:4: 839 daAuts
    D:11: 795 daAuts
     D:6: 779 daAuts
     D:9: 775 daAuts
   Orc:2: 552 daAuts
     D:7: 534 daAuts
     D:8: 511 daAuts
     D:5: 508 daAuts
   Orc:1: 195 daAuts
     D:2: 161 daAuts
     D:1: 118 daAuts
     D:3: 103 daAuts
